 Dungeon Crawl Stone Soup version 0.30-b1-2-g02819fbbbe (webtiles) character file.

Game seed: 3639886078589649444

511 LLlMATKO the Chopper (level 6, 0/56 HPs)
             Began as a Minotaur Berserker on Sept 24, 2023.
             Was a Believer of Trog.
             Killed from afar by Maggie (5 damage)
             ... with a puff of flame
             ... on level 7 of the Dungeon.
             The game lasted 00:02:40 (2542 turns).

LLlMATKO the Chopper (Minotaur Berserker)           Turns: 2542, Time: 00:02:41

Health: 0/56       AC: 12    Str: 23    XL:     6   Next: 99%
Magic:  0/5        EV:  9    Int:  4    God:    Trog [**....]
Gold:   190        SH:  0    Dex: 10    Spells: 5/5 levels left

rFire   . . .        p - +1 broad axe
rCold   . . .        (no shield)
rNeg    . . .        c - +1 chain mail
rPois   +            q - +2 hat
rElec   .            (no cloak)
rCorr   .            (no gloves)
SInv    +            (no boots)
Will    .....        g - amulet of guardian spirit Stlth
                     d - ring of poison resistance
HPRegen 0.29/turn    i - ring of see invisible
MPRegen 0.09/turn

%: guardian spirit
@: lethally poisoned (0 -> -2), on berserk cooldown, mesmerised, slowed, very
slow
A: horns 2, retaliatory headbutt
a: Renounce Religion, Berserk, Trog's Hand


You were on level 7 of the Dungeon.
You worshipped Trog.
Trog was pleased with you.
You visited 1 branch of the dungeon, and saw 5 of its levels.

You collected 190 gold pieces.

Inventory:

Hand Weapons
 p - a +1 broad axe (weapon)
 x - a +0 war axe
 z - a +0 war axe
Missiles
 f - 3 javelins (quivered)
Armour
 c - a +1 chain mail (worn)
 q - a +2 hat (worn)
Jewellery
 b - a ring of protection from fire
 d - a ring of poison resistance (left hand)
 g - an amulet of guardian spirit (around neck)
 i - a ring of see invisible (right hand)
Scrolls
 l - 2 scrolls of identify
Potions
 a - a potion of lignification {unknown}
 k - a potion of curing {unknown}
 n - a potion of mutation {unknown}
 o - a potion of attraction {unknown}
 s - a potion of brilliance {unknown}
 t - a potion of magic {unknown}
 u - 2 potions of might
 w - 2 potions of heal wounds {unknown}


   Skills:
 + Level 5.3 Fighting
 + Level 5.4 Axes
 + Level 4.6 Armour
 + Level 4.2 Dodging
 + Level 3.3 Shields


You had 5 spell levels left.
You didn't know any spells.
Your spell library was empty.

Dungeon Overview and Level Annotations

Branches:
Dungeon (4/15)
 Temple: D:4-7

Altars:

Annotations:
D:7 Maggie


Innate Abilities, Weirdness & Mutations

You have a pair of horns on your head.
You reflexively headbutt those who attack you in melee.


Message History

You feel your willpower return. The gnoll closely misses you.
Unknown command.
Maggie barely misses you.
You slash Maggie! You headbutt Maggie!
Maggie is heavily wounded.
You closely miss Maggie.
Maggie is heavily wounded.
The gnoll barely misses you. Maggie hits you but does no damage.
You barely miss Maggie. You headbutt Maggie.
Maggie is heavily wounded.
The gnoll closely misses you.
Maggie hits you with a +0 glaive of venom.
You closely miss Maggie.
Maggie is heavily wounded.
The gnoll completely misses you.
Maggie hits you with a +0 glaive of venom!
* * * LOW HITPOINT WARNING * * *
You slice Maggie!! Your headbutt misses Maggie.
Maggie is severely wounded.
Maggie mumbles some strange words.
The gnoll hits you but does no damage.
You hit Maggie.
Maggie is almost dead.
You are no longer berserk.
You are exhausted.
You feel yourself slow down. The gnoll barely misses you.
Maggie hits you but does no damage.
You are poisoned.
You barely miss Maggie.
Maggie is almost dead.
You feel very sick.
The gnoll hits you from afar with a +0 halberd!
* * * LOW HITPOINT WARNING * * *
Maggie casts a spell.
Maggie attempts to bespell you!
You are mesmerised by Maggie!
Maggie says, "How do the people who live here stand the isolation?"
Maggie zaps a wand.
The puff of flame hits you.
You die...

+...# #...# #...#
#.#.+ # ###+##...#
.## #........# ....
#.....)))###+###....
#.....g.@@..........
###...######.+.#####
#+# #............#
+............+
#............#
#####...?........#
........#######..<
.......)# ...
.......@# ..


You could see Maggie (mesmerising) and a gnoll.

Vanquished Creatures
  Sigmund (D:2)
  A gnoll sergeant (D:7)
  2 wights (D:7)
  Robin (D:2)
  3 gnolls (D:7)
  7 adders
  A worm (D:2)
  4 dart slugs
  4 orcs (D:3)
  6 endoplasms
  4 giant cockroaches
  8 hobgoblins
  2 kobolds
  A quokka (D:2)
  2 ball pythons
  2 frilled lizards
  11 goblins
  9 rats
69 creatures vanquished.

Notes
Turn   | Place    | Note
-------+----------+-------------------------------------------
     0 | D:1      | LLlMATKO the Minotaur Berserker began the quest for the
                  | Orb.
     0 | D:1      | Reached XP level 1. HP: 19/19 MP: 0/0
   163 | D:1      | Reached XP level 2. HP: 27/27 MP: 1/1
   675 | D:2      | Reached XP level 3. HP: 33/33 MP: 2/2
  1005 | D:2      | Reached skill level 1 in Shields
  1185 | D:2      | Noticed Robin
  1190 | D:2      | Noticed Sigmund
  1196 | D:2      | Reached XP level 4. HP: 26/40 MP: 3/3
  1199 | D:2      | Killed Robin
  1203 | D:2      | Reached ** piety under Trog
  1224 | D:2      | Killed Sigmund
  1225 | D:2      | Reached XP level 5. HP: 5/47 MP: 0/4
  1874 | D:3      | Reached XP level 6. HP: 55/55 MP: 5/5
  1984 | D:3      | Reached skill level 5 in Axes
  2445 | D:4      | You fall into a shaft and drop 3 floors!
  2510 | D:7      | Reached skill level 5 in Fighting
  2512 | D:7      | Noticed Maggie
  2542 | D:7      | Killed from afar by Maggie

Illustrated notes

Levels and vault maps discovered:
D:1:      ncdulo_wetmaze, layout_basic, minmay_misc_feat_encased,
          minmay_misc_feat_rugged
D:2:      layout_loops_corners, minmay_misc_feat_more_columns, uniq_sigmund,
          uniq_robin
D:3:      layout_rooms
D:4:      cheibrodos_fertilizer, layout_basic, grunt_decor_arrowhead,
          minmay_circle_x
D:7:      layout_gridville, zin_scriptorium, lemuel_doored_altar,
          enter_bailey_7, serial_rivers, chequers_serial_rivers_room_b,
          chequers_serial_rivers_small_3, chequers_serial_rivers_micro_b,
          chequers_serial_rivers_marsh, chequers_serial_rivers_room_b,
          chequers_serial_rivers_micro_e, uniq_maggie, uniq_joseph

Skill      XL: |  1  2  3  4  5  6 |
---------------+-------------------+-----
Fighting       | 4 5 |  5.3
Axes           | 4 5 |  5.4
Armour         | 3 4 |  4.6
Shields        | 1 2 3 |  3.3
Dodging        | 3 4 |  4.2

Action                     |  1- 3 |  4- 6 || total
---------------------------+-------+-------++-------
  Melee: Hand axe          |    58 |    22 ||    80
         Headbutt          |     8 |     7 ||    15
         Broad axe         |       |    55 ||    55
  Throw: Javelin           |       |     3 ||     3
 Invoke: Berserk           |       |     2 ||     2
         Trog's Hand       |       |     1 ||     1
    Use: Scroll            |       |     8 ||     8
   Stab: Sleeping          |     2 |       ||     2
 Armour: Animal skin       |     5 |       ||     5
         Chain mail        |    22 |    45 ||    67
  Dodge: Dodged            |    31 |    43 ||    74
